Map: Port Aleksander LE

Players

Suppy - Winner!

  • Race: Zerg Zerg
  • League: Grandmaster
  • Spawn Location: 5:00

Dolan

  • Race: Terran Terran
  • League: Master
  • Spawn Location: 11:00

Event: Cheeseadelphia 8

VOD

Have the link to the VOD?

Description

Time

  • Played on: Dec. 8, 2018, 2:17 p.m.
  • Length: 14:46

All games in this series

Show
View Real Time Build Order
Export as new Build Order

Suppy Zerg - Winner!

Build Orders: Pool First, Brood Lord Corruptor 

Get SALT Encoding   

  12  0:00  Drone  
  13  0:13  Overlord  
  13  0:18  Drone  
  14  0:31  Drone x2  
  14  0:35  Drone  
  17  0:45  Extractor  
  17  0:46  Drone  
  17  0:51  Spawning Pool  
  17  0:56  Drone  
  17  1:08  Drone  
  18  1:20  Hatchery  
  18  1:24  Drone  
  18  1:30  Drone  
  19  1:39  Queen  
  21  1:43  Zergling x2  
  22  1:49  Metabolic Boost  
  22  1:57  Overlord  
  22  2:16  Drone x2  
  22  2:17  Queen  
  22  2:22  Drone  
  27  2:33  Drone x2  
  28  2:46  Hatchery  
  28  2:48  Zergling x2  
  28  2:50  Drone  
  29  2:57  Drone x2  
  31  3:02  Queen  
  33  3:08  Overlord  
  33  3:10  Drone  
  34  3:13  Drone  
  35  3:21  Drone  
  35  3:23  Overlord  
  35  3:27  Drone x2  
  38  3:30  Drone x2  
  38  3:31  Drone  
  38  3:33  Drone  
  42  3:37  Overlord  
  42  3:43  Queen  
  42  3:47  Drone  
  45  3:50  Drone x2  
  45  3:51  Drone  
  45  3:54  Drone x2  
  50  3:58  Queen  
  50  4:02  Zergling x4  
  54  4:04  Zergling x2  
  54  4:08  Zergling x6  
  58  4:10  Drone  
  58  4:15  Lair  
  59  4:19  Baneling Nest  
  59  4:22  Drone x2  
  59  4:25  Drone x2  
  59  4:27  Drone  
  59  4:28  Drone  
  59  4:30  Drone x2  
  65  4:33  Spore Crawler  
  65  4:35  Overlord  
  65  4:37  Drone  
  65  4:38  Extractor  
  65  4:41  Queen  
  65  4:57  Spore Crawler  
  64  5:04  Drone  
  64  5:05  Drone x6  
  69  5:07  Zergling x2  
  69  5:11  Drone x3  
  68  5:16  Drone  
  68  5:17  Drone x5  
  72  5:22  Drone  
  72  5:27  Overlord  
  73  5:31  Evolution Chamber  
  73  5:32  Drone x2, Evolution Chamber  
  73  5:33  Overlord, Extractor  
  73  5:42  Drone  
  73  5:45  Hydralisk Den, Extractor  
  71  5:50  Overseer  
  71  5:56  Drone x3  
  71  5:57  Drone x2  
  76  5:58  Zerg Missile Weapons Level 1, Zerg Ground Armor Level 1  
  76  6:01  Drone  
  76  6:02  Drone x8  
  85  6:05  Extractor  
  85  6:07  Overlord  
  84  6:11  Overlord  
  84  6:17  Grooved Spines  
  84  6:30  Hydralisk x4  
  92  6:34  Hatchery  
  92  6:36  Hydralisk  
  92  6:37  Hydralisk  
  95  6:42  Overlord  
  95  6:43  Overlord x2, Extractor  
  95  6:44  Overlord  
  94  6:56  Hydralisk x4  
  94  7:00  Hydralisk x2  
  102  7:10  Drone x3, Infestation Pit  
  102  7:11  Drone  
  103  7:19  Overlord  
  103  7:20  Overlord  
  103  7:21  Overlord  
  103  7:22  Drone x2  
  105  7:25  Zergling x10  
  105  7:29  Muscular Augments  
  110  7:30  Hydralisk  
  110  7:31  Hydralisk x4  
  120  7:38  Spine Crawler  
  120  7:40  Spine Crawler  
  118  7:47  Hive  
  118  7:50  Hydralisk x3  
  116  7:59  Drone x3, Zerg Missile Weapons Level 2  
  119  8:12  Drone  
  114  8:13  Drone x5  
  114  8:16  Drone  
  114  8:24  Queen  
  110  8:30  Hydralisk x2  
  110  8:31  Hydralisk, Zerg Ground Armor Level 2  
  113  8:43  Overlord x2  
  113  8:50  Drone x5  
  113  8:51  Drone, Infestation Pit  
  113  8:52  Drone x7  
  125  9:07  Spire  
  125  9:09  Drone x2  
  126  9:14  Pneumatized Carapace  
  126  9:15  Viper  
  129  9:17  Extractor  
  129  9:18  Drone x3, Spine Crawler  
  129  9:20  Spine Crawler, Extractor  
  128  9:24  Viper  
  128  9:31  Viper  
  131  9:33  Drone x4  
  138  9:44  Hatchery  
  137  9:45  Drone x2  
  137  9:51  Viper  
  142  9:53  Overlord x2  
  142  9:59  Hydralisk  
  142  10:00  Hydralisk x6  
  142  10:05  Drone x2  
  158  10:11  Spore Crawler  
  157  10:15  Extractor  
  157  10:16  Overlord  
  157  10:18  Zerg Missile Weapons Level 3  
  157  10:19  Burrow, Extractor  
  155  10:22  Greater Spire  
  155  10:24  Overseer  
  155  10:36  Hydralisk x2  
  155  10:37  Hydralisk x4  
  155  10:41  Zergling x2  
  155  10:42  Zergling x18  
  177  10:51  Zerg Melee Weapons Level 1  
  177  10:56  Zergling x16  
  185  11:00  Centrifical Hooks  
  185  11:02  Baneling x8  
  185  11:03  Baneling x3  
  185  11:04  Baneling  
  176  11:29  Corruptor x5  
  182  11:45  Corruptor x2  
  173  11:49  Zerg Flyer Weapons Level 1  
  165  12:10  Spine Crawler  
  165  12:12  Brood Lord x4  
  165  12:14  Brood Lord  
  160  12:17  Zergling x24  
  160  12:18  Zergling x2  
  160  12:20  Zergling x18  
  160  12:21  Brood Lord  
  172  12:32  Brood Lord  
  172  12:36  Zergling x18  
  182  12:41  Corruptor  
  159  12:52  Corruptor x3  
  159  12:57  Baneling  
  159  12:58  Baneling x9  
  159  13:03  Corruptor  
  160  13:11  Baneling  
  160  13:12  Baneling x8  
  158  13:22  Corruptor  
  160  13:31  Zergling x12  
  166  13:42  Corruptor x2  
  166  13:43  Corruptor  
  172  13:50  Corruptor x2  
  176  13:57  Baneling x6  
  176  13:59  Hydralisk  
  176  14:00  Hydralisk  
  180  14:27  Unknown  
Show
View Real Time Build Order
Export as new Build Order

Dolan Terran 

Build Orders: Gas First Reaper Expand, Liberator Opening, Mech 

Get SALT Encoding   

  12  0:00  SCV  
  13  0:12  SCV  
  14  0:17  Supply Depot  
  14  0:24  SCV  
  15  0:29  Refinery  
  15  0:39  SCV  
  16  0:45  Barracks  
  16  0:51  SCV  
  17  1:03  SCV  
  18  1:15  SCV  
  19  1:31  Orbital Command  
  19  1:32  Reaper  
  20  1:46  Command Center  
  20  1:57  SCV  
  21  2:01  Factory  
  21  2:07  Barracks Reactor  
  21  2:10  SCV  
  22  2:18  Supply Depot  
  22  2:21  Refinery  
  22  2:27  SCV  
  23  2:40  SCV  
  24  2:47  Starport  
  24  2:52  SCV  
  24  2:53  Marine  
  24  2:54  Hellion x2  
  30  3:02  Orbital Command  
  30  3:06  SCV  
  30  3:12  Barracks Tech Lab  
  31  3:18  SCV  
  31  3:19  Liberator  
  31  3:20  Hellion x2  
  35  3:29  SCV  
  35  3:30  SCV  
  35  3:33  Supply Depot  
  39  3:43  SCV x2  
  41  3:49  Supply Depot  
  41  3:52  Hellion  
  41  3:53  Hellion  
  45  3:55  SCV  
  45  4:02  SCV  
  47  4:03  Armory  
  47  4:04  Barracks Tech Lab  
  47  4:12  Supply Depot  
  47  4:15  Hellion x2  
  51  4:20  SCV  
  51  4:21  SCV  
  53  4:26  Banshee  
  56  4:33  SCV x2  
  58  4:45  SCV x2  
  60  4:55  Refinery, Command Center  
  60  4:56  Refinery  
  60  4:57  SCV x2  
  62  5:04  Hellion x2  
  62  5:06  Terran Vehicle Weapons Level 1  
  56  5:09  SCV  
  56  5:10  SCV  
  49  5:22  SCV x2  
  49  5:27  Factory x2  
  51  5:30  Starport Reactor  
  51  5:33  Hellion x2  
  55  5:36  SCV x2  
  55  5:42  Supply Depot  
  57  5:48  SCV x2  
  59  5:54  Hellion x2  
  63  6:00  SCV x2  
  62  6:12  Orbital Command  
  62  6:13  Thor  
  62  6:14  Thor  
  62  6:16  SCV  
  62  6:17  SCV  
  76  6:22  Medivac x2  
  80  6:32  Engineering Bay  
  80  6:33  Engineering Bay  
  80  6:34  Hellion x2  
  80  6:36  SCV x2  
  80  6:39  Orbital Command  
  86  6:41  Barracks Tech Lab  
  86  6:51  Refinery  
  86  6:55  Refinery  
  86  6:56  Supply Depot  
  86  6:59  Supply Depot  
  86  7:00  SCV x2  
  87  7:05  SCV  
  87  7:07  Marine, Siege Tank x2  
  87  7:08  Stimpack  
  89  7:12  SCV x2  
  91  7:17  SCV  
  91  7:20  Terran Vehicle Weapons Level 2  
  94  7:24  SCV  
  94  7:25  SCV  
  94  7:29  SCV  
  95  7:31  Supply Depot x2  
  95  7:34  Factory Tech Lab  
  95  7:37  SCV x2  
  97  7:41  Terran Infantry Armor Level 1, Terran Infantry Weapons Level 1  
  97  7:42  SCV  
  98  7:49  SCV x2  
  100  7:53  Barracks  
  100  7:54  Barracks  
  100  7:56  Barracks  
  100  7:57  Barracks  
  100  7:59  Siege Tank x2  
  100  8:01  Starport Reactor  
  102  8:18  Siege Tank  
  102  8:19  Marine, SCV  
  102  8:20  SCV x2  
  103  8:32  SCV x3  
  106  8:43  Marine x2  
  106  8:45  Barracks Reactor  
  106  8:47  Supply Depot, Barracks Reactor  
  100  8:48  SCV x2  
  100  8:49  SCV  
  100  8:55  Marine x3, Siege Tank x3  
  113  9:00  Supply Depot, SCV  
  113  9:01  Sensor Tower, Marine x2, SCV x2  
  120  9:13  Marine x3  
  120  9:14  Medivac  
  120  9:15  Medivac, SCV x2  
  120  9:16  SCV  
  130  9:18  Marine  
  130  9:19  Marine  
  130  9:23  Marine x4  
  136  9:24  Command Center  
  136  9:29  Supply Depot  
  136  9:31  Marine, Marauder  
  139  9:46  Marine x2  
  139  9:50  Marine x4  
  139  9:51  Siege Tank  
  148  9:54  Siege Tank  
  148  9:55  Supply Depot  
  148  9:56  Supply Depot  
  148  9:57  Supply Depot  
  153  10:01  Siege Tank  
  153  10:02  Supply Depot, Marine  
  153  10:03  Marine x3  
  153  10:05  Terran Infantry Weapons Level 2, Terran Infantry Armor Level 2  
  158  10:07  Combat Shield  
  158  10:18  Marine  
  158  10:19  Marine x4, Marauder  
  158  10:21  Marine x2  
  165  10:22  Marine  
  165  10:27  Siege Tank  
  171  10:40  Marauder  
  173  10:47  Refinery  
  173  10:51  Marine x7  
  173  10:52  Marine  
  173  10:53  Siege Tank x2  
  187  11:02  Marauder  
  189  11:04  Planetary Fortress  
  189  11:08  Marine  
  189  11:09  Marine x4  
  189  11:11  Sensor Tower  
  194  11:12  Marine x3  
  195  11:23  Marauder  
  186  11:26  Marine x2, Concussive Shells  
  186  11:27  Marine  
  186  11:31  Marine x4  
  186  11:32  Marine  
  188  11:44  Marine x3, Marauder  
  188  11:45  Siege Tank x3  
  182  11:49  Marine x4  
  186  11:59  Marine  
  187  12:02  Marine  
  187  12:06  Marauder  
  187  12:18  Marine x2  
  187  12:20  Marine  
  188  12:25  Barracks x2  
  188  12:27  Barracks  
  188  12:37  Marine x2  
  188  12:38  Marine x3, Starport  
  188  12:39  Marauder, Starport  
  188  12:40  Marine x3  
  188  12:41  Starport  
  161  12:54  Marine  
  161  12:55  Viking x2, Marine x2  
  161  12:56  Marine x2  
  161  12:57  Marine x2  
  161  12:58  Marine  
  157  13:00  Marine  
  157  13:02  Orbital Command  
  152  13:12  Marine  
  152  13:13  Marine x2  
  152  13:19  Viking  
  157  13:20  Viking x2  
  157  13:25  Viking  
  157  13:36  Viking  
  157  13:37  Marine x5  
  154  13:44  Thor  
  157  13:49  Viking  
  157  13:50  Viking  
  157  13:52  Viking  
  157  13:55  Viking  
  160  14:22  Marine x3  
Tags
 
Add a new tag
Caveats
  • Supply blocks, unpowered buildings, or Contaminate may cause inaccurate times.
  • Supply counts are checked every 10 seconds.